 Dungeon Crawl Stone Soup version 0.28.0-1-gb440e238dd (webtiles) character file.

Game seed: 1027184631210766080

325 fragbeetle the Fighter (level 6, -1/61 HPs)
             Began as a Minotaur Hunter on Feb 24, 2022.
             Slain by an iguana (5 damage)
             ... on level 5 of the Dungeon.
             The game lasted 00:04:34 (3921 turns).

fragbeetle the Fighter (Minotaur Hunter)            Turns: 3921, Time: 00:04:35

Health: -1/61      AC:  6    Str: 18    XL:     6   Next: 24%
Magic:  0/5        EV: 11    Int:  8    God:
Gold:   11         SH:  0    Dex: 11    Spells: 5/5 levels left

rFire   . . .      SeeInvis .   p - +1 whip (flame)
rCold   . . .      Faith    .   (no shield)
rNeg    . . .      Spirit   +   c - +0 leather armour
rPois   .          Reflect  .   n - +2 hat
rElec   .          Harm     .   (no cloak)
rCorr   .          Rampage  .   v - +0 pair of gloves
Will    .....                   (no boots)
Stlth   +.........              m - amulet of guardian spirit
HPRegen 0.20/turn               (no ring)
MPRegen 0.09/turn               (no ring)

@: no status effects
A: horns 2, retaliatory headbutt
a: no special abilities


You were on level 5 of the Dungeon.
You visited 1 branch of the dungeon, and saw 5 of its levels.

You collected 110 gold pieces.
You spent 99 gold pieces at shops.

Inventory:

Hand Weapons
 a - a +1 hand crossbow
 b - a +0 short sword
 e - a +2 dagger of holy wrath
 p - a +1 whip of flaming (weapon)
Missiles
 d - 35 bolts
 f - 5 poisoned darts (quivered)
Armour
 c - a +0 leather armour (worn)
 n - a +2 hat (worn)
 v - a +0 pair of gloves (worn)
Jewellery
 m - an amulet of guardian spirit (around neck)
Scrolls
 g - a scroll of noise {unknown}
 h - 3 scrolls of identify {unknown}
 i - a scroll of amnesia {unknown}
 j - a scroll of acquirement {unknown}
 k - 3 scrolls of magic mapping {unknown}
 o - 4 scrolls of teleportation {unknown}
 q - a scroll of enchant weapon {unknown}
 s - 2 scrolls of vulnerability {unknown}
 u - 2 scrolls of blinking {unknown}
Potions
 l - a potion of brilliance {unknown}
 r - 2 potions of curing
 t - a potion of magic {unknown}
 w - a potion of flight
 x - a potion of lignification


   Skills:
 + Level 8.0 Fighting
 - Level 4.3 Crossbows
 - Level 2.1 Dodging
 - Level 0.7 Stealth


You had 5 spell levels left.
You didn't know any spells.
Your spell library contained the following spells:

 Spells                   Type           Power      Damage    Failure   Level
 Summon Small Mammal      Summ           0%         N/A       45%         1
 Corpse Rot               Necr/Air       0%         N/A       61%         2
 Ensorcelled Hibernation  Hex/Ice        0%         N/A       61%         2
 Poisonous Vapours        Pois/Air       0%         N/A       61%         2
 Call Canine Familiar     Summ           0%         N/A       83%         3
 Spider Form              Tmut/Pois      0%         N/A       83%         3
 Summon Guardian Golem    Hex/Summ       0%         N/A       83%         3
 Anguish                  Hex/Necr       0%         N/A       99%         4
 Fireball                 Conj/Fire      0%         3d3       100%        5
 Iskenderun's Battlesphe  Conj           0%         2d6       100%        5
 Conjure Ball Lightning   Conj/Air       0%         3x3d6     100%        6
 Orb of Destruction       Conj           0%         9d5       100%        7
 Spellforged Servitor     Conj/Summ      0%         N/A       100%        7


Dungeon Overview and Level Annotations

Branches:
Dungeon (5/15)
 Temple: D:4-7

Altars:
Xom

Shops:
D:4 !


Innate Abilities, Weirdness & Mutations

You have a pair of horns on your head.
You reflexively headbutt those who attack you in melee.


Message History

The iguana bites you but does no damage.
You closely miss the phantom.
The phantom is severely damaged.
The phantom hits you but does no damage.
The iguana bites you! The phantom closely misses you. You furiously retaliate!
You headbutt the phantom.
You are too injured to fight recklessly!
You are too injured to fight recklessly!
The phantom hits you.
The phantom blinks!
You blink.
You completely miss the phantom.
The phantom is severely damaged.
The phantom hits you.
You closely miss the phantom.
You headbutt the phantom, but do no damage.
The phantom is severely damaged.
The phantom hits you. The iguana bites you.
* * * LOW HITPOINT WARNING * * *
Found a scroll labelled XIKORE SEIREN.
The iguana misses you.
You hit the iguana but do no damage. You headbutt the iguana!
The iguana is severely wounded.
The iguana bites you.
* * * LOW HITPOINT WARNING * * *
The phantom hits you but does no damage.
You hit the iguana. You burn the iguana. Your headbutt misses the iguana.
The iguana is almost dead.
The phantom completely misses you. You furiously retaliate!
You headbutt the phantom, but do no damage.
The iguana barely misses you.
You closely miss the iguana. You headbutt the iguana.
The iguana is almost dead.
The phantom hits you.
* * * LOW HITPOINT WARNING * * *
The phantom blinks!
You blink.
The iguana bites you!
* * * LOW HITPOINT WARNING * * *
You hit the iguana but do no damage.
You headbutt the iguana, but do no damage.
The iguana is almost dead.
The iguana bites you!
You die...

########
#......#
#......#
#......#
#.ยง....#
#.l....#
###?W@...#
#....?...#
#..#......#
#.##......#
#? ###.####
. ##.# #..#
#<## #.#


You could see a phantom and an iguana.

Vanquished Creatures
  A scorpion (D:4)
  A water moccasin skeleton (D:5)
  A jelly (D:4)
  A howler monkey skeleton (D:4)
  4 gnolls
  4 adders
  A worm (D:2)
  4 dart slugs
  5 orcs (D:3)
  8 ball pythons
  14 endoplasms
  3 giant cockroaches
  8 goblins
  6 hobgoblins
  4 kobolds
  4 quokkas
  5 bats
  6 frilled lizards
  3 rats
83 creatures vanquished.

Vanquished Creatures (others)
  A worm (D:3)
  A dart slug (D:3)
  2 orcs (D:3)
  A giant cockroach (D:3)
  A hobgoblin (D:3)
  A ball python (D:3)
  A kobold (D:3)
  A rat (D:3)
  6 plants (D:3)
15 creatures vanquished.

Grand Total: 98 creatures vanquished

Notes
Turn   | Place    | Note
-------+----------+-------------------------------------------
     0 | D:1      | fragbeetle the Minotaur Hunter began the quest for the Orb.
     0 | D:1      | Reached XP level 1. HP: 18/18 MP: 0/0
   213 | D:1      | Reached skill level 3 in Fighting
   261 | D:1      | Reached XP level 2. HP: 26/26 MP: 1/1
   305 | D:1      | Found a faded altar of an unknown god.
   525 | D:1      | Reached skill level 4 in Fighting
   733 | D:1      | Reached XP level 3. HP: 29/33 MP: 2/2
  1212 | D:2      | Reached skill level 5 in Fighting
  1552 | D:2      | Reached XP level 4. HP: 35/42 MP: 3/3
  2424 | D:3      | Reached skill level 6 in Fighting
  2442 | D:3      | HP: 2/44 [gnoll (4)]
  2450 | D:2      | HP: 1/44 [gnoll (2)]
  2977 | D:3      | Found a shimmering altar of Xom.
  2992 | D:3      | Reached XP level 5. HP: 48/51 MP: 4/4
  3396 | D:4      | Reached skill level 7 in Fighting
  3664 | D:4      | Found Fugepp's Distillery.
  3674 | D:4      | Bought a potion of curing for 33 gold pieces
  3674 | D:4      | Bought a potion of flight for 33 gold pieces
  3674 | D:4      | Bought a potion of lignification for 33 gold pieces
  3803 | D:4      | Reached XP level 6. HP: 59/61 MP: 5/5
  3884 | D:5      | Entered Level 5 of the Dungeon
  3895 | D:5      | Reached skill level 8 in Fighting
  3921 | D:5      | Slain by an iguana

Illustrated notes

Levels and vault maps discovered:
D:1:      minmay_arrival_plants_in_alcoves, layout_rooms,
          chequers_ecumenical_altar_simple
D:2:      layout_basic
D:3:      layout_rooms, xom_confusion_cloud, serial_curves, eino_curves_03,
          eino_curves_02, st_stairs_9, minmay_misc_feat_hallway,
          nicolae_grassy_gnolls
D:4:      layout_loops_ring, serial_shops, nicolae_lakefront_shop
D:5:      layout_rooms, kennysheep_nondescript, uniq_menkaure

Skill      XL: |  1  2  3  4  5  6 |
---------------+-------------------+-----
Fighting       | 3 4 5 6 7 8 |  8.0
Crossbows      | |  4.3
Dodging        | |  2.1
Stealth        | |  0.7

Action                   |  1- 3 |  4- 6 || total
-------------------------+-------+-------++-------
Melee: Short sword       |    15 |       ||    15
       Headbutt          |    17 |    21 ||    38
       Dagger            |    70 |       ||    70
       Punch             |     1 |       ||     1
       Whip              |       |   107 ||   107
 Stab: Sleeping          |     1 |     2 ||     3
Armor: Leather armour    |    15 |    32 ||    47
Dodge: Dodged            |    38 |    74 ||   112
